 Dungeon Crawl Stone Soup version 0.29.1-13-g9f3cf754e1 (webtiles) character file.

Game seed: 8629083118877452350

2738 FexLirch the Thaumaturge (level 9, -2/59 HPs)
             Began as a Mummy Necromancer on Jan 19, 2023.
             Was an Initiate of Ashenzari.
             Slain by a water moccasin (5 damage)
             ... on level 8 of the Dungeon.
             The game lasted 00:28:48 (8911 turns).

FexLirch the Thaumaturge (Mummy Necromancer)        Turns: 8911, Time: 00:28:49

Health: -2/59      AC:  6    Str: 12    XL:     9   Next: 40%
Magic:  0/22       EV: 12    Int: 18    God:    Ashenzari [......]
Gold:   520        SH:  0    Dex: 12    Spells: 4/26 levels left

rFire   x . .      SeeInvis .   k - +2 whip (elec)
rCold   + . .      Faith    .   (no shield)
rNeg    + + +      Spirit   .   a - +0 robe
rPois   ∞          Reflect  .   (no helmet)
rElec   .          Harm     .   (no cloak)
rCorr   .          Rampage  .   (no gloves)
Will    +....                   (no boots)
Stlth   ++........              (no amulet)
HPRegen 0.19/turn               e - +4 ring of protection
MPRegen 0.18/turn               r - ring of flight

@: about to teleport, flying
A: cold resistance 1, negative energy resistance 3, torment resistance 2, heat
vulnerability 1, in touch with death 1, no potions
a: Renounce Religion, Curse Item


You were on level 8 of the Dungeon.
You worshipped Ashenzari.
Ashenzari was noncommittal.
You visited 2 branches of the dungeon, and saw 10 of its levels.

You collected 520 gold pieces.

Inventory:

Hand Weapons
 c - a +0 dagger
 k - a +2 whip of electrocution (weapon)
Armour
 a - a +0 robe (worn)
Jewellery
 e - a +4 ring of protection (left hand)
 r - a ring of flight (right hand)
Wands
 l - a wand of charming (17)
 s - a wand of flame (8)
 t - a wand of roots (3)
Scrolls
 b - 2 scrolls of enchant weapon
 d - 3 scrolls of identify
 f - a scroll of silence {unknown}
 g - 3 scrolls of noise {unknown}
 h - 4 scrolls of magic mapping
 i - 2 scrolls of fear {unknown}
 j - 2 scrolls of immolation
 m - 2 scrolls of brand weapon {unknown}
 n - 2 scrolls of enchant armour {unknown}
 o - a scroll of teleportation
 p - a scroll of vulnerability {unknown}
 q - 2 scrolls of amnesia {unknown}


   Skills:
 + Level 1.5 Fighting
 - Level 3.5 Maces & Flails
 + Level 2.2 Dodging
 - Level 1.5 Stealth
 + Level 9.0 Spellcasting
 + Level 8.2 Necromancy
 + Level 4.9 Earth Magic


You had 4 spell levels left.
You knew the following spells:

 Your Spells              Type           Power      Damage    Failure   Level
a - Necrotise             Necr           100%       1d9       1%          1
b - Vampiric Draining     Necr           54%        2d9       1%          3
c - Animate Dead          Necr           54%        N/A       3%          4
d - Borgnjor's Vile Clut  Necr/Erth      23%        N/A       16%         5
e - Dispel Undead         Necr           54%        3d20      3%          4
f - Agony                 Necr           54%        N/A       9%          5

Your spell library contained the following spells:

 Spells                   Type           Power      Damage    Failure   Level
 Static Discharge         Conj/Air       8%         3-4/arc   13%         2
 Sticky Flame             Conj/Fire      8%         2d3       65%         4
 Death Channel            Necr           27%        N/A       41%         6


Dungeon Overview and Level Annotations

Branches:
Dungeon (9/15)             Temple (1/1) D:5
   Lair: D:8-11         Orc: D:9-12

Altars:
Ashenzari
Cheibriados
Dithmenos
Fedhas
Gozag
Hepliaklqana
Kikubaaqudgha
Makhleb
Nemelex Xobeh
Okawaru
Qazlal
Ru
Sif Muna
Trog
Uskayaw
Vehumet
Yredelemnul

Shops:
D:1 *   D:3 [   D:5 :*=[

Annotations:
D:8 exclusion: steam dragon
D:9 Joseph


Innate Abilities, Weirdness & Mutations

You are immune to poison.
Your flesh is cold resistant. (rC+)
You are immune to negative energy. (rN+++)
You are immune to unholy pain and torment.
You are vulnerable to heat. (rF-)
You are in touch with the powers of death.
You do not drink.


Message History

Level annotation: exclusion: steam dragon
There is a stone staircase leading down here.
Casting: Vampiric Draining (safe; 1% risk of failure)
Confirm with . or Enter, or press ? or * to list all spells.
Okay, then.
Unknown command.
As you read the scroll of teleportation, it crumbles to dust.
You feel strangely unstable. The wolf barely misses you.
The water moccasin bites you!
* * * LOW HITPOINT WARNING * * *
The wolf bites you.
* * * LOW HITPOINT WARNING * * *
As you read the scroll labelled REFOEWK PUSOGA, it crumbles to dust.
It is a scroll of identify.
j - 2 scrolls of immolation The water moccasin bites you.
* * * LOW HITPOINT WARNING * * *
The wolf closely misses you. The water moccasin bites you.
* * * LOW HITPOINT WARNING * * *
As you read the scroll of identify, it crumbles to dust.
b - 2 scrolls of enchant weapon The wolf bites you.
* * * LOW HITPOINT WARNING * * *
The wolf bites you.
* * * LOW HITPOINT WARNING * * *
The water moccasin bites you.
* * * LOW HITPOINT WARNING * * *
Casting: Vampiric Draining (safe; 1% risk of failure)
Confirm with . or Enter, or press ? or * to list all spells.
Aiming: Vampiric Draining (safe; 1% risk of failure)
Press: ? - help, Shift-Dir - straight line, f - water moccasin
Aim: a water moccasin (heavily wounded)
You feel a surge of power!
You draw life force from the water moccasin!
You feel life coursing into your body. The wolf bites you.
* * * LOW HITPOINT WARNING * * *
The water moccasin barely misses you. The wolf bites you.
* * * LOW HITPOINT WARNING * * *
The water moccasin bites you.
You die...

##
.#################
.+.............h@#
.#.!...>.....###S#
.#...........###.#
.'...........'.#.#
.#...........#.#.#
##....(......#.#.#
#...........#.#.#
#...........#.#.#
##...........#.#


You could see a water moccasin and a wolf.

Vanquished Creatures
  Grinder (D:5)
  A yak (D:5)
  2 water moccasins
  An ice beast (D:6)
  An orc warrior (D:9)
  A sky beast (D:7)
  2 black bears
  A wolf (D:9)
  An ogre (D:6)
  A centaur (D:7)
  A phantom (D:7)
  A kobold brigand (D:7)
  A scorpion (D:5)
  3 bullfrogs
  A howler monkey (D:5)
  5 hounds
  5 orc priests
  A jelly (D:4)
  3 iguanas
  5 orc wizards
  Natasha (thrice) (D:2)
  3 gnolls
  9 adders
  2 shadow imps (D:5)
  3 white imps
  4 worms
  5 dart slugs
  23 orcs
  6 bats
  8 endoplasms
  5 giant cockroaches
  8 goblins
  8 hobgoblins
  4 jackals (D:1)
  11 kobolds
  4 quokkas
  9 ball pythons
  5 frilled lizards
  4 rats
162 creatures vanquished.

Vanquished Creatures (collateral kills)
  A bullfrog (D:7)
  A hound (D:5)
  A gnoll (D:6)
  An adder (D:5)
  An ufetubus (D:7)
  A worm (D:2)
  5 dart slugs
  6 orcs
  2 endoplasms
  A hobgoblin (D:3)
20 creatures vanquished.

Vanquished Creatures (others)
  A water moccasin zombie (D:9)
  A wolf zombie (D:9)
  2 bullfrog zombies (D:7)
  A centaur zombie (D:7)
  A howler monkey zombie (D:5)
  2 adder zombies (D:5)
  An iguana zombie (D:6)
  A kobold zombie (D:7)
  3 orc zombies (D:9)
  2 fungi (D:9)
  8 plants (D:9)
23 creatures vanquished.

Grand Total: 205 creatures vanquished

Notes
Turn   | Place    | Note
-------+----------+-------------------------------------------
     0 | D:1      | FexLirch the Mummy Necromancer began the quest for the Orb.
     0 | D:1      | Reached XP level 1. HP: 13/13 MP: 4/4
   150 | D:1      | Found Kuhell's Assorted Antiques.
   304 | D:1      | Reached skill level 3 in Spellcasting
   351 | D:1      | Reached XP level 2. HP: 2/19 MP: 1/6
   845 | D:1      | Found a faded altar of an unknown god.
  1202 | D:1      | Gained mutation: You are in touch with the powers of death.
                  | [Mummy growth]
  1202 | D:1      | Reached XP level 3. HP: 24/24 MP: 5/8
  1206 | D:1      | Learned a level 3 spell: Vampiric Draining
  1996 | D:2      | Reached skill level 4 in Spellcasting
  2075 | D:2      | Noticed Natasha
  2083 | D:2      | Killed Natasha
  2084 | D:2      | Reached XP level 4. HP: 29/30 MP: 0/10
  2249 | D:2      | Reached skill level 5 in Necromancy
  2261 | D:2      | Noticed Natasha
  2270 | D:2      | Killed Natasha
  2288 | D:2      | Noticed Natasha
  2302 | D:2      | Killed Natasha
  2303 | D:2      | Reached skill level 5 in Spellcasting
  2303 | D:2      | Reached XP level 5. HP: 30/35 MP: 6/12
  2444 | D:2      | Learned a level 4 spell: Animate Dead
  2450 | D:2      | Learned a level 5 spell: Borgnjor's Vile Clutch
  3006 | D:3      | Found Ymixual's Armour Shop.
  3457 | D:3      | Reached skill level 1 in Earth Magic
  3474 | D:3      | Reached XP level 6. HP: 30/41 MP: 0/14
  4974 | D:4      | Reached skill level 6 in Spellcasting
  5077 | D:5      | Entered Level 5 of the Dungeon
  5093 | D:5      | Noticed Grinder
  5096 | D:5      | Paralysed by Grinder for 4 turns
  5171 | D:4      | Reached skill level 1 in Maces & Flails
  5444 | D:5      | Found Zetic's Jewellery Boutique.
  5445 | D:5      | Found Ibuimur's Antique Armour Shop.
  5533 | D:5      | Reached XP level 7. HP: 39/46 MP: 11/16
  5546 | D:5      | Found Mylajam's Assorted Antiques.
  5546 | D:5      | Found Meudwa's Book Emporium.
  5626 | D:5      | Paralysed by Grinder for 4 turns
  5637 | D:5      | Paralysed by Grinder for 5 turns
  5653 | D:5      | Killed Grinder
  6012 | D:5      | Noticed a yak
  6286 | D:5      | Found a staircase to the Ecumenical Temple.
  6295 | Temple   | Entered the Ecumenical Temple
  6362 | Temple   | Became a worshipper of Ashenzari the Shackled
  6440 | D:5      | Reached skill level 7 in Spellcasting
  6440 | D:5      | Reached XP level 8. HP: 47/52 MP: 15/18
  7379 | D:6      | Found a stormy altar of Qazlal.
  7629 | D:7      | Reached skill level 8 in Spellcasting
  7706 | D:7      | Reached XP level 9. HP: 32/57 MP: 3/21
  8293 | D:7      | Learned a level 4 spell: Dispel Undead
  8299 | D:7      | Learned a level 5 spell: Agony
  8872 | D:9      | Noticed Joseph
  8874 | D:9      | Reached skill level 1 in Fighting
  8889 | D:9      | Reached skill level 9 in Spellcasting
  8911 | D:8      | Slain by a water moccasin

Illustrated notes

Levels and vault maps discovered:
D:1:      dpeg_arrival_arbitrary_b, layout_loops_corners,
          dreamdust_ecumenical_altar_angels_and_demons, serial_shops, shop
D:2:      layout_loops_ring, minmay_pentomino_z2, uniq_natasha
D:3:      layout_loops_ring, serial_shops, nicolae_shop_hallway_plus,
          minmay_cupped
D:4:      layout_basic
D:5:      cheibrodos_barr_body, layout_basic, minmay_temple_entry_antechambers,
          nicolae_wooded_promenade, uniq_grinder
D:6:      layout_basic, lemuel_coloured_pillars_altar
D:7:      kennysheep_slugbush, layout_cave_pods
D:8:      layout_basic
D:9:      layout_basic, minmay_lair_entry_grove, uniq_joseph
Temple:   compressed_dpeg_triangle_lava_temple

Skill      XL: |  1  2  3  4  5  6  7  8  9 |
---------------+----------------------------+-----
Spellcasting   | 3 4 5 6 7 8 9 |  9.0
Necromancy     | 5 6 7 8 |  8.2
Earth Magic    | 1 2 3 4 |  4.9
Maces & Flails | 1 2 3 |  3.5
Fighting       | 1 |  1.5
Dodging        | 2 |  2.2
Stealth        | |  1.5

Action                   |  1- 3 |  4- 6 |  7- 9 || total
-------------------------+-------+-------+-------++-------
Melee: Unarmed           |     7 |       |       ||     7
       Dagger            |    18 |    40 |       ||    58
       Punch             |       |     1 |     1 ||     2
       Whip              |       |    39 |   146 ||   185
 Cast: Necrotise         |    75 |   130 |    73 ||   278
       Vampiric Draining |       |     4 |    21 ||    25
       Animate Dead      |       |     5 |     7 ||    12
       Borgnjor's Vile C |       |       |     3 ||     3
Evoke: Wand              |       |       |     1 ||     1
  Use: Scroll            |       |       |     5 ||     5
 Stab: Sleeping          |       |     1 |       ||     1
       Distracted        |       |       |     1 ||     1
Armor: Robe              |     6 |    37 |    61 ||   104
Dodge: Dodged            |    18 |    51 |   123 ||   192
